Map: Lerilak Crest

Players

Ohiazu

  • Race: Protoss Protoss
  • League: Platinum

LilDicky - Winner!

  • Race: Terran Terran
  • League: Diamond

VOD

http://www.twitch.tv/tumescentpie

Description

Time

  • Played on: Dec. 10, 2015, 6:24 p.m.
  • Length: 6:01
Show
View Real Time Build Order
Export as new Build Order

Ohiazu Protoss 

Build Orders: 1 Gate Expand 

Get SALT Encoding   

  12  0:00  Probe (Chrono Boost)  
  13  0:11  Probe (Chrono Boost)  
  14  0:18  Pylon  
  14  0:22  Probe (Chrono Boost)  
  15  0:36  Gateway  
  15  0:37  Probe (Chrono Boost)  
  15  0:42  Assimilator  
  16  0:47  Probe (Chrono Boost)  
  17  0:59  Probe (Chrono Boost)  
  18  1:09  Probe (Chrono Boost)  
  19  1:22  Nexus  
  19  1:30  Cybernetics Core  
  19  1:32  Probe (Chrono Boost)  
  20  1:39  Assimilator  
  20  1:42  Probe (Chrono Boost)  
  21  1:48  Pylon  
  21  1:53  Probe (Chrono Boost)  
  22  2:03  Probe (Chrono Boost)  
  22  2:07  Adept (Chrono Boost)  
  25  2:11  Warp Gate  
  25  2:15  Pylon  
  25  2:20  Probe  
  26  2:29  Robotics Facility  
  26  2:32  Probe  
  27  2:41  Gateway, Probe  
  28  2:45  Probe  
  29  3:22  Immortal  
  29  3:23  Adept (Chrono Boost)  
  29  3:24  Probe  
  29  3:26  Probe  
  35  3:29  Pylon  
  35  3:32  Pylon  
  35  3:35  Probe, Adept (Chrono Boost)  
  35  3:38  Probe  
  39  3:45  Gateway  
  39  3:47  Probe  
  40  3:50  Probe  
  41  4:02  Probe  
  39  4:07  Observer (Chrono Boost)  
  40  4:14  Forge  
  40  4:25  Probe  
  33  4:42  Stalker  
  33  4:44  Warp Prism (Chrono Boost)  
  37  4:47  Pylon  
  37  4:51  Stalker  
  39  4:56  Photon Cannon  
  39  5:05  Nexus  
  34  5:32  Stalker  
  26  5:43  Probe  
Show
View Real Time Build Order
Export as new Build Order

LilDicky Terran - Winner!

Build Orders: MMM Bio 

Get SALT Encoding   

  12  0:04  SCV  
  13  0:16  SCV  
  14  0:28  Supply Depot  
  14  0:33  SCV  
  15  0:49  SCV, Refinery  
  16  0:50  Barracks  
  16  1:01  SCV  
  17  1:13  SCV  
  18  1:25  SCV  
  19  1:37  Marine  
  19  1:39  Supply Depot  
  21  1:41  Orbital Command  
  20  1:59  Marine  
  21  2:05  Factory  
  21  2:22  Barracks  
  21  2:26  Barracks  
  21  2:27  SCV, Refinery  
  23  2:36  Barracks Reactor  
  22  2:40  SCV  
  23  2:53  SCV  
  24  2:59  Supply Depot  
  24  3:05  SCV  
  21  3:17  Barracks Tech Lab, Marine x2  
  21  3:18  Barracks Tech Lab  
  23  3:20  SCV  
  23  3:21  Widow Mine  
  26  3:32  SCV  
  27  3:36  Marine x2  
  27  3:38  Combat Shields, Stimpack  
  27  3:39  Marine  
  32  3:41  Marauder  
  32  3:50  Supply Depot, Widow Mine  
  32  3:54  Marine  
  34  4:04  Marine, Marauder x2  
  39  4:11  SCV  
  40  4:17  Starport  
  40  4:23  SCV  
  41  4:39  SCV, Hellion  
  41  4:41  Marauder, Marine  
  47  4:50  Supply Depot  
  47  5:11  Marauder x2, SCV, Medivac, Marine  
  55  5:27  Marine  
  54  5:32  Marine  
  54  5:33  Marauder  
  55  5:44  Supply Depot  
Tags
 
Add a new tag
Caveats
  • Supply blocks, unpowered buildings, or Contaminate may cause inaccurate times.
  • Supply counts are checked every 10 seconds.